 Dungeon Crawl Stone Soup version 0.20.1-1-g8b1a95d (webtiles) character file.

59 lorenzova the Conjurer (level 3, -2/19 HPs)
             Began as a Deep Elf Conjurer on Sept 28, 2017.
             Slain by a phantom (8 damage)
             ... on level 3 of the Dungeon.
             The game lasted 00:03:48 (1949 turns).

lorenzova the Conjurer (Deep Elf Conjurer)          Turns: 1949, Time: 00:03:49

Health: -2/19      AC:  2    Str:  5    XL:     3   Next: 78%
Magic:  1/19       EV: 13    Int: 20    God:
Gold:   120        SH:  0    Dex: 15    Spells: 6/10 levels left

rFire    . . .     SeeInvis .   r - +0 short sword
rCold    . . .     Gourm    .   (no shield)
rNeg     . . .     Faith    .   a - +0 robe
rPois    .         Spirit   .   (no helmet)
rElec    .         Reflect  .   (no cloak)
rCorr    .         Harm     .   (no gloves)
MR       .....                  (no boots)
Stlth    ++........             (no amulet)
Regen    0.1/turn               q - ring of magical power
MPRegen  0.2/turn               (no ring)

@: very slightly contaminated
A: no striking features
a: no special abilities


You were on level 3 of the Dungeon.
You were not hungry.

You visited 1 branch of the dungeon, and saw 3 of its levels.

You collected 120 gold pieces.

Inventory:

Hand Weapons
 r - a +0 short sword (weapon)
Armour
 a - a +0 robe (worn)
 h - a cursed +0 ring mail
Jewellery
 q - a ring of magical power (left hand)
 s - an uncursed ring of positive energy {unknown}
Scrolls
 d - a scroll of magic mapping {unknown}
 e - a scroll of identify
 f - 2 scrolls of blinking {unknown}
 g - a scroll of noise {unknown}
 i - a scroll of fear {unknown}
 l - 2 scrolls of random uselessness {unknown}
 p - a scroll of enchant armour {unknown}
 t - a scroll of remove curse {unknown}
Potions
 k - 2 potions of heal wounds
 m - a potion of mutation
 o - a potion of flight {unknown}
Books
 b - a book of Conjurations

   Spells                             Type                      Level
   a - Magic Dart                     Conjuration                  1
   b - Searing Ray                    Conjuration                  2
   c - Dazzling Spray                 Conjuration/Hexes            3
   d - Fulminant Prism                Conjuration/Hexes            4
   e - Force Lance                    Conjuration/Translocation    4
   f - Iskenderun's Mystic Blast      Conjuration                  4
Comestibles
 c - 2 bread rations
 j - 2 fruits
 n - a royal jelly


   Skills:
 - Level 2.4 Dodging
 - Level 2.4 Stealth
 + Level 4.4 Spellcasting
 + Level 5.3 Conjurations


You had 6 spell levels left.
You knew the following spells:

 Your Spells              Type           Power        Failure   Level  Hunger
a - Magic Dart            Conj           ####         1%          1    None
b - Dazzling Spray        Conj/Hex       ###...       12%         3    ###....


Dungeon Overview and Level Annotations

Branches:
Dungeon (3/15)

Altars:

Annotations:
D:3 rzd's ghost, amateur GrFi


Message History

The phantom is heavily damaged.
The spray of energy hits the bat.
You kill the bat!
The phantom hits you.
Casting: Dazzling Spray
Confirm with . or Enter, or press ? or * to list all spells.
Aiming: Dazzling Spray
Press: ? - help, Shift-Dir - straight line, f/p - phantom
Aim: a phantom (heavily damaged)
The spray of energy misses the phantom.
The phantom hits you!
Ouch! That really hurt!
Casting: Dazzling Spray
Confirm with . or Enter, or press ? or * to list all spells.
Aiming: Dazzling Spray
Press: ? - help, Shift-Dir - straight line, f/p - phantom
Aim: a phantom (heavily damaged)
The spray of energy hits the phantom.
The phantom is severely damaged.
The phantom hits you!
You die...

.....#.....# ########.#
#..........
###..).....###..........
..................#.....
#.#..........####.#.....
#..........#.###........
#..................####
#......W.##?.....(.#
...#..@######......####
........<...##.###......
....#.##........ ####...
###... #####.... ####
..# #.... ..h.. #..# .
.#### #.# #. ###


You could see a phantom.

Vanquished Creatures
  2 adders (D:2)
  2 dart slugs (D:1)
  7 bats
  2 giant cockroaches (D:2)
  4 goblins
  5 hobgoblins
  3 jackals (D:2)
  4 kobolds
  A quokka (D:2)
  A ball python (D:3)
  2 frilled lizards (D:1)
  2 rats
35 creatures vanquished.

Notes
Turn   | Place    | Note
-------+----------+-------------------------------------------
     0 | D:1      | lorenzova the Deep Elf Conjurer began the quest for the Orb.
     0 | D:1      | Reached XP level 1. HP: 10/10 MP: 6/6
   217 | D:1      | Reached XP level 2. HP: 15/15 MP: 5/8
   976 | D:2      | Reached skill level 5 in Conjurations
  1087 | D:2      | Reached XP level 3. HP: 19/19 MP: 5/10
  1130 | D:2      | Learned a level 3 spell: Dazzling Spray
  1897 | D:3      | Noticed a phantom
  1897 | D:3      | Noticed rzd's ghost (amateur GrFi)
  1949 | D:3      | Slain by a phantom

Skill      XL: |  1  2  3 |
---------------+----------+-----
Conjurations   | 5 |  5.3
Spellcasting   | 4 |  4.4
Dodging        | |  2.4
Stealth        | |  2.4

Action                   || total
-------------------------++-------
Melee: Unarmed           ||     1
 Cast: Magic Dart        ||    79
       Dazzling Spray    ||     4
  Use: Scroll            ||     2
  Eat: Chunk             ||     3
Armor: Robe              ||     3
Dodge: Dodged            ||    15
